cohdb
Replays
Latest Replays
All Replays
Popular Replays
Top Player Replays
Match Explorer
How It Works
Community
CoH3 Stats
Reddit
Sign in to upload your games and track your stats! →
Sign in with Steam
Match 41883513
Unlisted
Match 41883513
Overview
Messages
Build Orders
End
Construct Barracks
Scout Squad
Selects Armored Battlegroup
Riflemen Squad
Riflemen Squad
Grenade Package
Riflemen Squad
Infantry Support Center
Construct Motor Pool
M8 Greyhound Armored Car
Selects Fast Deploy
Engineer Squad
Selects Assault Engineers
Construct Medical Station
Construct Weapon Support Center
M1919 Machine Gun Team
M1918 Browning Automatic Rifles
M1 Anti-tank Gun Team
M24 Chaffee Light Tank
Jervi
Imbbe
0
0
Comments
sign in to comment!
No comments posted yet!